| TOP OF THE 1ST |
|
Peoria Chiefs batting - Pitching for Great Lakes Loons : RHP Georgs Felitti
|
|
Pitching: RHP Georgs Felitti
|
|
|
Batting: RHB Fekadu Alhaadi
|
0-0: Ball 1-0: Called Strike 1-1: Foul Ball, location: 2F 1-2: Ball 2-2: Reached on error, E4 (Groundball, 4, EV 78.1 MPH)
|
|
Batting: RHB Tommy Tracy
|
0-0: Foul Ball, location: 2F 0-1: Ball 1-1: Fly out, F7 (Flyball, 7LSF, EV 90.0 MPH)
|
|
Batting: RHB Robby Hickman
|
0-0: Called Strike Fekadu Alhaadi steals 2nd base 0-1: Called Strike 0-2: SINGLE (Groundball, 6S, EV 62.5 MPH) (infield hit) Fekadu Alhaadi to third
|
|
Batting: RHB Sam Daw
|
0-0: Called Strike 0-1: Called Strike 0-2: Strikes out swinging
|
|
Batting: RHB Bobby Miles
|
0-0: Ball 1-0: Called Strike 1-1: Ball 2-1: Foul Ball, location: 2F 2-2: Ball 3-2: Base on Balls Robby Hickman to second
|
|
Batting: RHB Workneh Lagat
|
0-0: Ball 1-0: Fielders Choice at 2nd, 5-4 (Groundball, 56, EV 88.8 MPH)
|
| Top of the 1st over - 0 runs, 1 hit, 1 error, 3 left on base; Peoria 0 - Great Lakes 0 |
| BOTTOM OF THE 1ST |
|
Great Lakes Loons batting - Pitching for Peoria Chiefs : RHP Derrick Easley
|
|
Pitching: RHP Derrick Easley
|
|
|
Batting: SHB Hank Arias
|
0-0: Ball 1-0: Called Strike 1-1: Ball 2-1: Ball 3-1: Bunt for hit to P - play at first, batter safe!
|
|
Batting: LHB Ramon Vega
|
0-0: Fielders Choice at 2nd, 5-4 (Groundball, 56, EV 86.2 MPH)
|
|
Batting: LHB Jim Jardine
|
0-0: Ball 1-0: Called Strike Ramon Vega steals 2nd base (no throw) 1-1: Ground out 4-3 (Groundball, 4, EV 78.1 MPH) Ramon Vega to third
|
|
Batting: RHB Eddie Perry
|
0-0: Ball 1-0: Ball 2-0: Ball Wild Pitch! Ramon Vega scores 3-0: SOLO HOME RUN (Flyball, 78XD, EV 101.9 MPH), Distance : 400 ft
|
|
Batting: RHB Alex Melgoza
|
0-0: Ball 1-0: Fly out, F4 (Popup, 3S, EV 80.6 MPH)
|
| Bottom of the 1st over - 2 runs, 2 hits, 0 errors, 0 left on base; Peoria 0 - Great Lakes 2 |
| TOP OF THE 2ND |
|
Peoria Chiefs batting - Pitching for Great Lakes Loons : RHP Georgs Felitti
|
|
Batting: RHB Tim Jobe
|
0-0: Ball 1-0: Swinging Strike 1-1: Swinging Strike 1-2: Ball 2-2: Ball 3-2: Base on Balls
|
|
Batting: RHB Edgar Landim
|
0-0: Called Strike Tim Jobe steals 2nd base 0-1: Ball 1-1: Swinging Strike 1-2: Foul Ball, location: 2F 1-2: Ball 2-2: Ball 3-2: Base on Balls
|
|
Batting: RHB Kyle Burns
|
0-0: Ball 1-0: Foul Ball, location: 2F 1-1: Foul Ball, location: 2F 1-2: Strikes out swinging
|
|
Batting: RHB Fekadu Alhaadi
|
0-0: Called Strike 0-1: Called Strike 0-2: Strikes out swinging
|
|
Batting: RHB Tommy Tracy
|
0-0: Ball 1-0: Called Strike 1-1: TRIPLE (Flyball, 78XD, EV 104.4 MPH) Tim Jobe scores Edgar Landim scores
|
|
Batting: RHB Robby Hickman
|
0-0: Swinging Strike 0-1: Foul Ball, location: 2F 0-2: Ball 1-2: Foul Ball, location: 2F 1-2: Ball 2-2: Ball 3-2: SINGLE (Flyball, 8RS, EV 95.6 MPH) Tommy Tracy scores
|
|
Batting: RHB Sam Daw
|
0-0: Foul Ball, location: 2F 0-1: Foul Ball, location: 2F 0-2: Strikes out looking
|
| Top of the 2nd over - 3 runs, 2 hits, 0 errors, 1 left on base; Peoria 3 - Great Lakes 2 |
| BOTTOM OF THE 2ND |
|
Great Lakes Loons batting - Pitching for Peoria Chiefs : RHP Derrick Easley
|
|
Batting: SHB Danny Jensen
|
0-0: Fly out, F8 (Flyball, 78M, EV 90.6 MPH)
|
|
Batting: RHB Aaron Joseph
|
0-0: Reached on error, E6 (Groundball, 6M, EV 108.1 MPH)
|
|
Batting: SHB Josh Vaill
|
0-0: Called Strike 0-1: Called Strike 0-2: Strikes out looking
|
|
Batting: RHB Ingidayehu Lagat
|
0-0: DOUBLE (Line Drive, 7LM, EV 100.0 MPH) Aaron Joseph to third Runner from 3rd tries for Home, SAFE, throw by LF to trailing runner, SAFE at third!
|
|
Batting: SHB Hank Arias
|
0-0: 2-RUN HOME RUN (Flyball, 9LD, EV 95.0 MPH), Distance : 355 ft
|
|
Batting: LHB Ramon Vega
|
0-0: Called Strike 0-1: Ball 1-1: Called Strike 1-2: Foul Ball, location: 2F 1-2: Foul Ball, location: 2F 1-2: Foul Ball, location: 2F 1-2: Ball 2-2: Ground out 5-3 (Groundball, 5, EV 101.2 MPH)
|
| Bottom of the 2nd over - 3 runs, 2 hits, 1 error, 0 left on base; Peoria 3 - Great Lakes 5 |
| TOP OF THE 3RD |
|
Peoria Chiefs batting - Pitching for Great Lakes Loons : RHP Georgs Felitti
|
|
Batting: RHB Bobby Miles
|
0-0: Foul Ball, location: 2F 0-1: Ball 1-1: Foul Ball, location: 2F 1-2: Ball 2-2: Strikes out swinging
|
|
Batting: RHB Workneh Lagat
|
0-0: SINGLE (Groundball, 5S, EV 67.5 MPH) (infield hit)
|
|
Batting: RHB Tim Jobe
|
0-0: Ball 1-0: DOUBLE (Line Drive, 89M, EV 101.9 MPH) Workneh Lagat to third
|
|
Batting: RHB Edgar Landim
|
0-0: Ground out 5-3 (Groundball, 56S, EV 77.5 MPH) Workneh Lagat scores
|
|
Batting: RHB Kyle Burns
|
0-0: Called Strike 0-1: Foul Ball, location: 2F 0-2: Ball 1-2: Foul Ball, location: 2F 1-2: Ball 2-2: SINGLE (Flyball, 89S, EV 87.5 MPH) Tim Jobe to third
|
|
Batting: RHB Fekadu Alhaadi
|
0-0: Ball 1-0: Called Strike 1-1: Foul Ball, location: 2F 1-2: Reached on error, E6 (Groundball, 6S, EV 87.5 MPH) Tim Jobe scores Kyle Burns to second
|
|
Batting: RHB Tommy Tracy
|
0-0: Called Strike 0-1: Ball 1-1: Ball 2-1: Swinging Strike 2-2: SINGLE (Groundball, 6MD, EV 103.1 MPH) Kyle Burns to third Fekadu Alhaadi to second Runner from 3rd tries for Home, SAFE, throw by CF to home
|
|
Pitching: RHP Luis Diaz
|
|
|
Batting: RHB Robby Hickman
|
0-0: Foul Ball, location: 2F 0-1: Ball 1-1: Swinging Strike 1-2: Strikes out swinging
|
| Top of the 3rd over - 3 runs, 4 hits, 1 error, 2 left on base; Peoria 6 - Great Lakes 5 |
| BOTTOM OF THE 3RD |
|
Great Lakes Loons batting - Pitching for Peoria Chiefs : RHP Derrick Easley
|
|
Batting: LHB Jim Jardine
|
0-0: Ball 1-0: Swinging Strike 1-1: SINGLE (Groundball, 4MD, EV 108.8 MPH)
|
|
Batting: RHB Eddie Perry
|
0-0: Ball 1-0: Foul Ball, location: 2F 1-1: Ball 2-1: Foul Ball, location: 2F 2-2: Strikes out swinging
|
|
Batting: RHB Alex Melgoza
|
0-0: Ball 1-0: Called Strike 1-1: Ball 2-1: Foul Ball, location: 2F 2-2: Foul Ball, location: 2F 2-2: Strikes out swinging
|
|
Batting: SHB Danny Jensen
|
0-0: Foul Ball, location: 2F 0-1: Foul Ball, location: 2F 0-2: Ball 1-2: Ball 2-2: Ball 3-2: Foul Ball, location: 2F 3-2: Ground out U3 (Groundball, 3, EV 80.0 MPH)
|
| Bottom of the 3rd over - 0 runs, 1 hit, 0 errors, 1 left on base; Peoria 6 - Great Lakes 5 |
| TOP OF THE 4TH |
|
Peoria Chiefs batting - Pitching for Great Lakes Loons : RHP Luis Diaz
|
|
Batting: RHB Sam Daw
|
0-0: Called Strike 0-1: Swinging Strike 0-2: Strikes out swinging
|
|
Batting: RHB Bobby Miles
|
0-0: Called Strike 0-1: Ball 1-1: SINGLE (Line Drive, 6M, EV 103.1 MPH)
|
|
Batting: RHB Workneh Lagat
|
0-0: Foul Ball, location: 2F 0-1: Fly out, F8 (Flyball, 8LD, EV 83.8 MPH)
|
|
Batting: RHB Tim Jobe
|
0-0: SINGLE (Flyball, 6MD, EV 94.4 MPH) Bobby Miles to second Runner from 2nd tries for 3rd, OUT! 8-5
|
| Top of the 4th over - 0 runs, 2 hits, 0 errors, 1 left on base; Peoria 6 - Great Lakes 5 |
| BOTTOM OF THE 4TH |
|
Great Lakes Loons batting - Pitching for Peoria Chiefs : RHP Derrick Easley
|
|
Batting: RHB Aaron Joseph
|
0-0: Ball 1-0: SINGLE (Flyball, 78S, EV 98.1 MPH)
|
|
Batting: SHB Josh Vaill
|
0-0: Ball 1-0: Ball 2-0: Ball 3-0: Called Strike 3-1: Base on Balls Aaron Joseph to second
|
|
Pitching: RHP Alex Apolinar
|
|
|
Batting: RHB Ingidayehu Lagat
|
0-0: Foul Ball, location: 2F 0-1: Called Strike 0-2: Ball 1-2: Ball 2-2: SINGLE (Groundball, 34, EV 99.4 MPH) Aaron Joseph to third Josh Vaill to second Runner from 3rd tries for Home, throw by RF and OUT! 9-2
|
|
Batting: SHB Hank Arias
|
0-0: Ball 1-0: Grounds into double play, 4-6-3 (Groundball, 34, EV 85.6 MPH)
|
| Bottom of the 4th over - 0 runs, 2 hits, 0 errors, 1 left on base; Peoria 6 - Great Lakes 5 |
| TOP OF THE 5TH |
|
Peoria Chiefs batting - Pitching for Great Lakes Loons : RHP Luis Diaz
|
|
Batting: RHB Edgar Landim
|
0-0: Called Strike 0-1: Swinging Strike 0-2: Ball 1-2: Ball 2-2: Strikes out swinging
|
|
Batting: RHB Kyle Burns
|
0-0: Foul Ball, location: 2F 0-1: Foul Ball, location: 2F 0-2: Ball 1-2: Foul Ball, location: 2F 1-2: Strikes out swinging
|
|
Batting: RHB Fekadu Alhaadi
|
0-0: Foul Ball, location: 2F 0-1: Ball 1-1: Ball 2-1: Ball 3-1: Foul Ball, location: 2F 3-2: Base on Balls
|
|
Batting: RHB Tommy Tracy
|
0-0: Called Strike 0-1: Ball 1-1: Ball 2-1: Ball 3-1: Base on Balls Fekadu Alhaadi to second
|
|
Batting: RHB Robby Hickman
|
0-0: Called Strike 0-1: Ball 1-1: Ball 2-1: Ground out U3 (Groundball, 3, EV 84.4 MPH)
|
| Top of the 5th over - 0 runs, 0 hits, 0 errors, 2 left on base; Peoria 6 - Great Lakes 5 |
| BOTTOM OF THE 5TH |
|
Great Lakes Loons batting - Pitching for Peoria Chiefs : RHP Alex Apolinar
|
|
Batting: LHB Ramon Vega
|
0-0: Ball 1-0: Ground out 4-3 (Groundball, 4M, EV 83.8 MPH)
|
|
Batting: LHB Jim Jardine
|
0-0: Ball 1-0: Foul Ball, location: 2F 1-1: Called Strike 1-2: Strikes out swinging
|
|
Batting: RHB Eddie Perry
|
0-0: Ball 1-0: Ball 2-0: Foul Ball, location: 2F 2-1: Foul Ball, location: 2F 2-2: Ball 3-2: SINGLE (Line Drive, 6D, EV 99.4 MPH)
|
|
Batting: RHB Alex Melgoza
|
0-0: Called Strike 0-1: Foul Ball, location: 2F 0-2: Fly out, F8 (Line Drive, 8RD, EV 86.2 MPH)
|
| Bottom of the 5th over - 0 runs, 1 hit, 0 errors, 1 left on base; Peoria 6 - Great Lakes 5 |
| TOP OF THE 6TH |
|
Peoria Chiefs batting - Pitching for Great Lakes Loons : RHP Luis Diaz
|
|
Batting: RHB Sam Daw
|
0-0: Ball 1-0: Ball 2-0: Ground out 6-3 (Groundball, 56, EV 81.9 MPH)
|
|
Batting: RHB Bobby Miles
|
0-0: Ball 1-0: Ball 2-0: Foul Ball, location: 2F 2-1: Called Strike 2-2: Ball 3-2: Foul Ball, location: 2F 3-2: Strikes out looking
|
|
Batting: RHB Workneh Lagat
|
0-0: Ground out 4-3 (Groundball, 34D, EV 107.5 MPH)
|
| Top of the 6th over - 0 runs, 0 hits, 0 errors, 0 left on base; Peoria 6 - Great Lakes 5 |
| BOTTOM OF THE 6TH |
|
Great Lakes Loons batting - Pitching for Peoria Chiefs : RHP Alex Apolinar
|
|
Batting: SHB Danny Jensen
|
0-0: Ball 1-0: SOLO HOME RUN (Flyball, 89XD, EV 99.4 MPH), Distance : 397 ft
|
|
Batting: RHB Aaron Joseph
|
0-0: Ball 1-0: Ball 2-0: Ball 3-0: Called Strike 3-1: Base on Balls
|
|
Batting: SHB Josh Vaill
|
0-0: Ball 1-0: Ball 2-0: Ball 3-0: Called Strike 3-1: Foul Ball, location: 2F 3-2: Foul Ball, location: 2F 3-2: Foul Ball, location: 2F 3-2: Ground out 6-3 (Groundball, 6M, EV 78.1 MPH) Aaron Joseph to second
|
|
Batting: RHB Ingidayehu Lagat
|
0-0: Called Strike 0-1: Ball Wild Pitch! Aaron Joseph to third 1-1: Swinging Strike 1-2: Strikes out looking
|
|
Batting: SHB Hank Arias
|
0-0: Called Strike 0-1: Ball 1-1: Ball 2-1: Foul Ball, location: 2F 2-2: Strikes out swinging
|
| Bottom of the 6th over - 1 run, 1 hit, 0 errors, 1 left on base; Peoria 6 - Great Lakes 6 |
| TOP OF THE 7TH |
|
Peoria Chiefs batting - Pitching for Great Lakes Loons : RHP Luis Diaz
|
|
Pitching: LHP John Miller
|
|
|
Batting: RHB Tim Jobe
|
0-0: Called Strike 0-1: Ball 1-1: Ball 2-1: Foul Ball, location: 2F 2-2: Foul Ball, location: 2F 2-2: Ball 3-2: Base on Balls
|
|
Batting: RHB Edgar Landim
|
0-0: Foul Ball, location: 2F 0-1: Swinging Strike 0-2: Ball 1-2: Ball 2-2: SINGLE (Groundball, 34D, EV 98.8 MPH) Tim Jobe to second Runner from 2nd tries for 3rd, SAFE, no throw by RF
|
|
Batting: RHB Kyle Burns
|
0-0: Called Strike 0-1: Called Strike 0-2: Fly out, F9 (Flyball, 89S, EV 83.8 MPH)
|
|
Batting: RHB Fekadu Alhaadi
|
0-0: Ball 1-0: Foul Ball, location: 2F 1-1: SINGLE (Flyball, 7S, EV 88.8 MPH) Tim Jobe scores Edgar Landim to second
|
|
Batting: RHB Tommy Tracy
|
0-0: Ball 1-0: Foul Ball, location: 2F 1-1: Swinging Strike 1-2: Foul Ball, location: 2F 1-2: Grounds into double play, 6-4-3 (Groundball, 6, EV 75.6 MPH)
|
| Top of the 7th over - 1 run, 2 hits, 0 errors, 1 left on base; Peoria 7 - Great Lakes 6 |
| BOTTOM OF THE 7TH |
|
Great Lakes Loons batting - Pitching for Peoria Chiefs : RHP Alex Apolinar
|
|
Pitching: RHP Mike Cain
|
|
|
Batting: LHB Ramon Vega
|
0-0: Foul Ball, location: 2F 0-1: Ground out U3 (Groundball, 3, EV 103.8 MPH)
|
|
Batting: LHB Jim Jardine
|
0-0: Called Strike 0-1: Ball 1-1: Ball 2-1: Ball 3-1: Base on Balls
|
|
Batting: RHB Eddie Perry
|
0-0: Ball 1-0: Ball Jim Jardine is caught stealing 2nd base 2-4 2-0: Swinging Strike 2-1: Foul Ball, location: 2F 2-2: Foul Ball, location: 2F 2-2: Ground out 6-3 (Groundball, 6, EV 85.0 MPH)
|
| Bottom of the 7th over - 0 runs, 0 hits, 0 errors, 0 left on base; Peoria 7 - Great Lakes 6 |
| TOP OF THE 8TH |
|
Peoria Chiefs batting - Pitching for Great Lakes Loons : LHP John Miller
|
|
Pitching: RHP Adonis Loyd
|
|
|
Batting: RHB Robby Hickman
|
0-0: Ball 1-0: Called Strike 1-1: Foul Ball, location: 2F 1-2: Ground out 1-3 (Groundball, 13S, EV 67.5 MPH)
|
|
Batting: RHB Sam Daw
|
0-0: Called Strike 0-1: Ball 1-1: Ball 2-1: Swinging Strike 2-2: Strikes out looking
|
|
Batting: RHB Bobby Miles
|
0-0: Ball 1-0: Foul Ball, location: 2F 1-1: Swinging Strike 1-2: Ball 2-2: Foul Ball, location: 2F 2-2: Ball 3-2: Fly out, F8 (Flyball, 8RM, EV 93.8 MPH)
|
| Top of the 8th over - 0 runs, 0 hits, 0 errors, 0 left on base; Peoria 7 - Great Lakes 6 |
| BOTTOM OF THE 8TH |
|
Great Lakes Loons batting - Pitching for Peoria Chiefs : RHP Mike Cain
|
|
Pitching: RHP Rafael Montano
|
|
|
Batting: RHB Alex Melgoza
|
0-0: Ball 1-0: Foul Ball, location: 2F 1-1: Ball 2-1: Ball 3-1: Fly out, F7 (Flyball, 78S, EV 82.5 MPH)
|
|
Batting: SHB Danny Jensen
|
0-0: SINGLE (Line Drive, 78M, EV 99.4 MPH)
|
|
Batting: RHB Aaron Joseph
|
0-0: Ball 1-0: Foul Ball, location: 2F 1-1: Ball 2-1: Ball 3-1: Base on Balls Danny Jensen to second
|
|
Batting: SHB Josh Vaill
|
0-0: Ball 1-0: Swinging Strike 1-1: Ground out 3-1 (Groundball, 13, EV 80.0 MPH) Danny Jensen to third Aaron Joseph to second
|
|
Batting: RHB Ingidayehu Lagat
|
0-0: Foul Ball, location: 2F 0-1: Foul Ball, location: 2F 0-2: Strikes out looking
|
| Bottom of the 8th over - 0 runs, 1 hit, 0 errors, 2 left on base; Peoria 7 - Great Lakes 6 |
| TOP OF THE 9TH |
|
Peoria Chiefs batting - Pitching for Great Lakes Loons : RHP Adonis Loyd
|
|
Batting: RHB Workneh Lagat
|
0-0: Called Strike 0-1: Called Strike 0-2: Ball 1-2: Strikes out looking
|
|
Batting: RHB Tim Jobe
|
0-0: Ball 1-0: Ground out 5-3 (Groundball, 56, EV 90.0 MPH)
|
|
Batting: RHB Edgar Landim
|
0-0: Ball 1-0: Foul Ball, location: 2F 1-1: Ball 2-1: Swinging Strike 2-2: Ball 3-2: Strikes out swinging
|
| Top of the 9th over - 0 runs, 0 hits, 0 errors, 0 left on base; Peoria 7 - Great Lakes 6 |
| BOTTOM OF THE 9TH |
|
Great Lakes Loons batting - Pitching for Peoria Chiefs : RHP Rafael Montano
|
|
Pitching: RHP Pabiyan Vetlitsky
|
|
|
Batting: SHB Hank Arias
|
0-0: Foul Ball, location: 2F 0-1: Called Strike 0-2: Strikes out swinging
|
|
Batting: LHB Ramon Vega
|
0-0: Ball 1-0: Ball 2-0: Ground out 6-3 (Groundball, 6M, EV 101.9 MPH)
|
|
Batting: LHB Jim Jardine
|
0-0: Called Strike 0-1: Ball 1-1: Foul Ball, location: 2F 1-2: Ball 2-2: Ball 3-2: Ground out 4-3 (Groundball, 34D, EV 105.6 MPH)
|
| Bottom of the 9th over - 0 runs, 0 hits, 0 errors, 0 left on base; Peoria 7 - Great Lakes 6 |
|